Map: Pillars of Gold LE

Players

Vanya - Winner!

  • Race: Zerg Zerg
  • League: Grandmaster
  • Spawn Location: 1:00

goblin

  • Race: Protoss Protoss
  • League: Master
  • Spawn Location: 7:00

Event: DreamHack SC2 Masters 2020 Summer Europe

VOD

Have the link to the VOD?

Description

Time

  • Played on: June 25, 2020, 11:58 a.m.
  • Length: 8:35

All games in this series

Show
View Real Time Build Order
Export as new Build Order

Vanya Zerg - Winner!

Build Orders: Hatch First 

Get SALT Encoding   

  12  0:00  Drone  
  13  0:12  Overlord  
  13  0:18  Drone  
  14  0:31  Drone x2  
  16  0:50  Hatchery  
  16  0:53  Drone  
  16  0:56  Drone  
  17  1:00  Drone  
  18  1:09  Extractor  
  17  1:15  Spawning Pool  
  17  1:18  Drone  
  17  1:22  Drone  
  18  1:28  Drone  
  19  1:41  Drone  
  20  1:49  Overlord  
  20  2:02  Queen x2  
  20  2:03  Zergling x4  
  26  2:12  Drone  
  26  2:15  Drone  
  28  2:21  Drone  
  29  2:31  Drone  
  29  2:35  Drone  
  31  2:42  Hatchery  
  30  2:48  Queen  
  32  2:52  Overlord  
  32  2:56  Drone  
  32  2:57  Drone  
  33  3:00  Drone  
  33  3:02  Drone  
  35  3:11  Drone x3  
  38  3:13  Drone x3  
  38  3:15  Overlord  
  41  3:21  Overlord  
  41  3:23  Drone  
  41  3:24  Drone  
  43  3:32  Lair  
  43  3:39  Roach Warren, Drone x2  
  44  3:43  Drone  
  44  3:44  Extractor x2  
  44  3:45  Spore Crawler  
  44  3:46  Drone  
  43  3:49  Drone  
  43  3:51  Drone  
  45  3:57  Drone x3  
  48  4:03  Drone x2  
  48  4:04  Spore Crawler  
  48  4:07  Drone x3  
  52  4:13  Spore Crawler  
  51  4:18  Drone  
  51  4:20  Overlord  
  51  4:22  Drone x3  
  55  4:26  Drone, Spore Crawler  
  55  4:29  Spore Crawler  
  55  4:30  Drone  
  56  4:35  Overlord x2  
  56  4:36  Overseer  
  57  4:40  Glial Reconstitution  
  57  4:47  Extractor  
  57  4:49  Drone x2  
  57  4:50  Drone, Spire  
  58  4:54  Drone x2  
  58  4:55  Drone  
  58  4:58  Roach  
  58  4:59  Roach  
  65  5:04  Overlord  
  65  5:07  Overlord  
  65  5:15  Drone x4, Overlord  
  65  5:19  Extractor x2  
  65  5:20  Drone x3  
  69  5:22  Drone x2  
  69  5:26  Drone  
  69  5:27  Drone x3  
  75  5:36  Drone x2  
  77  5:45  Overlord x2  
  77  5:52  Hatchery  
  76  6:03  Corruptor x6  
  88  6:07  Corruptor  
  88  6:10  Corruptor  
  92  6:20  Corruptor  
  92  6:21  Corruptor x2  
  92  6:25  Corruptor  
  100  6:28  Overlord  
  100  6:39  Roach x2  
  104  6:46  Overlord  
  104  6:50  Roach x5  
  110  6:57  Overlord x2  
  110  6:59  Metabolic Boost  
  110  7:01  Overlord  
  110  7:07  Roach  
  110  7:08  Roach x6  
  126  7:12  Overlord x2  
  126  7:13  Overlord  
  126  7:20  Zergling x4  
  126  7:21  Zergling x6  
  126  7:22  Ravager x4  
  133  7:25  Drone  
  133  7:26  Evolution Chamber  
  133  7:28  Zergling x12  
  139  7:34  Zergling x10  
  144  7:40  Ravager  
  144  7:41  Ravager x4  
  149  7:45  Zergling x2  
  149  7:46  Zergling x6  
  149  7:48  Zergling x2  
  149  7:49  Ravager  
  149  7:50  Ravager  
  156  7:54  Roach x5  
  156  7:56  Ravager  
  156  7:58  Overlord  
  167  7:59  Zergling x2  
  167  8:00  Zergling x6  
  171  8:07  Zergling x4  
  173  8:13  Ravager x2  
  173  8:15  Overlord  
Show
View Real Time Build Order
Export as new Build Order

goblin Protoss 

Build Orders: 1 Gate Expand, Oracle Opening, Carrier Rush 

Get SALT Encoding   

  12  0:00  Probe  
  13  0:12  Probe  
  14  0:20  Pylon  
  14  0:24  Probe  
  15  0:34  Probe  
  15  0:39  Gateway  
  15  0:42  Probe  
  16  0:47  Assimilator  
  17  0:53  Probe  
  18  1:05  Probe  
  19  1:22  Nexus  
  19  1:26  Probe  
  20  1:37  Cybernetics Core  
  20  1:41  Probe  
  21  1:47  Assimilator  
  21  1:51  Probe  
  22  1:59  Probe  
  22  2:02  Pylon  
  23  2:11  Stalker  
  23  2:20  Probe  
  26  2:31  Stargate, Probe  
  26  2:33  Probe  
  26  2:35  Warp Gate  
  28  2:41  Adept  
  28  2:43  Probe  
  30  2:45  Probe  
  32  2:56  Probe  
  32  2:57  Probe  
  34  3:03  Assimilator  
  34  3:08  Probe  
  34  3:09  Probe  
  36  3:16  Gateway  
  36  3:17  Oracle  
  39  3:20  Probe  
  39  3:21  Probe  
  41  3:28  Probe  
  41  3:30  Assimilator  
  41  3:33  Probe  
  43  3:36  Probe, Pylon  
  44  3:45  Probe  
  44  3:46  Probe  
  45  3:48  Stargate  
  46  3:57  Fleet Beacon, Probe  
  46  3:59  Probe  
  48  4:05  Probe  
  49  4:11  Probe  
  49  4:12  Pylon  
  49  4:15  Probe  
  50  4:17  Phoenix  
  50  4:23  Probe  
  54  4:30  Probe  
  55  4:33  Pylon  
  55  4:35  Probe  
  55  4:37  Pylon  
  56  4:45  Carrier x2  
  56  4:58  Zealot  
  70  5:16  Nexus  
  70  5:17  Pylon  
  70  5:18  Protoss Air Weapons Level 1  
  70  5:31  Probe x2  
  70  5:32  Pylon  
  72  5:39  Carrier x2  
  84  5:57  Probe x2  
  84  6:00  Forge, Twilight Council  
  86  6:11  Probe x2  
  88  6:13  Gateway  
  88  6:15  Gateway, Pylon  
  88  6:22  Probe  
  88  6:23  Probe  
  90  6:27  Probe  
  90  6:30  Probe  
  91  6:35  Probe  
  91  6:39  Probe  
  94  6:52  Probe x2  
  94  6:53  Probe  
  85  6:55  Gateway  
  85  6:58  Gateway  
  85  7:00  Stalker x2  
  89  7:03  Shield Battery  
  89  7:06  Photon Cannon  
  89  7:19  Gateway  
  89  7:20  Gateway  
  89  7:25  Probe x2  
  89  7:26  Assimilator  
  89  7:27  Sentry x3  
  89  7:29  Sentry, Assimilator, Pylon  
  99  7:37  Twilight Council  
  99  7:49  Gateway  
  99  7:50  Gateway  
  99  7:53  Probe x2  
  99  7:56  Probe  
  102  8:00  Stalker  
  102  8:01  Stalker  
  118  8:09  Pylon  
  118  8:10  Stalker x2  
  122  8:24  Stalker x3  
Tags
 
Add a new tag
Caveats
  • Supply blocks, unpowered buildings, or Contaminate may cause inaccurate times.
  • Supply counts are checked every 10 seconds.